 Dungeon Crawl Stone Soup version 0.32-a0-666-ge8a88695a4 (webtiles) character file.

Game seed: 16575863826802837840

5427 ezpacito the Trooper (level 10, -21/67 (79) HPs)
             Began as a Coglin Chaos Knight on Mar 10, 2024.
             Was a Plaything of Xom.
             Demolished by a red ugly thing (24 damage)
             ... on level 7 of the Dungeon.
             The game lasted 00:10:11 (6382 turns).

ezpacito the Trooper (Coglin Chaos Knight)          Turns: 6382, Time: 00:10:12

HP:   -21/67 (79)   AC: 11    Str: 14 (15) XL:     10   Next: 67%
MP:   15/15         EV:  9    Int:  8 (11) God:    Xom [......]
Gold: 1457          SH:  0    Dex: 12 (13) Spells: 16/16 levels left

rFire   x . .        a - +1 hand axe (chaos) {Ealdgyð}
rCold   . . .        m - +4 spear "Bangiex" {speed, Str-3 SInv Stlth+}
rNeg    . . .        o - +1 chain mail {rPois}
rPois   +            (no helmet)
rElec   .            (no cloak)
rCorr   .            g - +0 pair of gloves
SInv    +            j - +2 pair of boots
Will    .....        (amulet unavailable) Stlth
                     (ring unavailable)
HPRegen 0.31/turn    (ring unavailable)
MPRegen 0.14/turn    (no gizmo)

%: no passive effects
@: confused, silenced, ambrosia-drunk, heavily drained, revved
A: off-hand wielding, slow wielding, warmup strikes, no jewellery, deformed
body, deterioration 1, teleportitis 1, wild magic 1, heat vulnerability 1
a: Invent Gizmo, Renounce Religion


You were on level 7 of the Dungeon.
You worshipped Xom.
You were a very special plaything of Xom.
You visited 1 branch of the dungeon, and saw 7 of its levels.
You also visited: Bailey.

You collected 1457 gold pieces.

Inventory:

Hand Weapons
 a - a +1 hand axe of chaos (weapon) {Ealdgyð}
 b - a +0 broad axe
 d - a +0 dagger {Anan}
 f - a +0 broad axe
 m - the +4 spear "Bangiex" (offhand) {speed, Str-3 SInv Stlth+}
   (You found it on level 2 of the Dungeon)

   Str-3:     It affects your strength (-3).
   SInv:      It lets you see invisible.
   Stlth+:    It makes you more stealthy.
 G - a +2 war axe of protection
Missiles
 x - 8 poisoned darts (quivered)
 E - 2 darts of dispersal
 H - a curare-tipped dart
Armour
 c - a +0 plate armour
 g - a +0 pair of gloves (worn)
 j - a +2 pair of boots (worn)
 o - a +1 chain mail of poison resistance (worn)
Jewellery
 F - a ring of protection from fire
Scrolls
 e - a scroll of vulnerability
 r - a scroll of revelation
 s - a scroll of summoning
 t - 2 scrolls of teleportation
 y - 2 scrolls of amnesia
Potions
 h - a potion of cancellation
 l - a potion of enlightenment
 n - 3 potions of brilliance
 q - 2 potions of curing
 A - 2 potions of attraction


   Skills:
 * Level 7.2 Fighting
 * Level 7.2(7.9) Axes
 + Level 4.3(6.1) Polearms
 * Level 6.3 Armour
 * Level 6.0 Dodging
 + Level 4.0 Stealth
 + Level 3.6 Spellcasting


You had 16 spell levels left.
You didn't know any spells.
Your spell library contained the following spells:

 Spells                   Type           Power      Damage    Failure   Level
 Fugue of the Fallen      Necr           1%         N/A       100%        3
 Ozocubu's Armour         Ice            1%         N/A       100%        3
 Manifold Assault         Tloc           1%         N/A       100%        4


Dungeon Overview and Level Annotations

Branches:
Dungeon (7/15)             Temple (0/1) D:7          Bailey (visited)

Altars:
Dithmenos
Elyvilon
Gozag
Makhleb
Nemelex Xobeh
Sif Muna
Trog
Vehumet
Wu Jian
Xom
The Shining One


Innate Abilities, Weirdness & Mutations

You can wield a second weapon in your off-hand.
It takes a long time for you to wield or remove held weapons.
Your first few attacks do less damage.
You cannot equip rings or amulets.
Armour fits poorly on your strangely shaped body.
Your body sometimes deteriorates upon taking damage.
You are occasionally teleported next to monsters.
Your spells are a little harder to cast, but a little more powerful.
You are vulnerable to heat. (rF-)


Message History

The red ugly thing headbutts you but does no damage.
You hit the red ugly thing with the +4 spear "Bangiex".
The red ugly thing is lightly wounded.
You hit the red ugly thing with your +1 hand axe of chaos.
The red ugly thing convulses.
The red ugly thing barely misses you.
You hit the red ugly thing but do no damage.
The red ugly thing is lightly wounded.
You hit the red ugly thing with the +4 spear "Bangiex".
You barely miss the red ugly thing with the +4 spear "Bangiex".
The red ugly thing is lightly wounded.
You hit the red ugly thing with your +1 hand axe of chaos.
The red ugly thing headbutts you.
You are engulfed in flames!!
The fire burns you terribly!
Your body deteriorates!
You feel weakened.
You take 19 damage, and have 48/67 hp.
MASSIVE DAMAGE!!
You hit the red ugly thing with the +4 spear "Bangiex".
The red ugly thing is moderately wounded.
You hit the red ugly thing but do no damage.
The red ugly thing barely misses you.
You puncture the red ugly thing with the +4 spear "Bangiex"!
The red ugly thing is heavily wounded.
You completely miss the red ugly thing with your +1 hand axe of chaos.
The red ugly thing headbutts you!
Your body deteriorates!
You feel dopey.
You are engulfed in flames!!
The fire burns you terribly!
Ouch! That really hurt!
* * * LOW HITPOINT WARNING * * *
You are too injured to fight recklessly!
You take 43 damage, and have 6/67 hp.
MASSIVE DAMAGE!!
You are too injured to fight recklessly!
Okay, then.
Magic scrolls do not work when you're silenced!
You are confused.
You feel invigorated. The red ugly thing headbutts you!
* * * LOW HITPOINT WARNING * * *
Your body deteriorates!
You feel clumsy.
You are engulfed in flames!!
The fire burns you terribly!
Xom roars with laughter!
You die...
Xom chuckles heartily!

#....÷#.#.#,****,**
*
#.#.###.#.#,**,,,,*
*
#.#.#...#.#,****<,*
* ###.#####.#,*
*,,****
#.......#..,*
*,,,,,,
#.#########,*
**,****
#.......#,,,* *,* *
#######!#,*** *,* *
#./.u@..#,*,* *,* *
#########,*,* **,**
* *,,,,,,,,,,,*
**,,,***
*,***********
*,,,,,,,
*,*,,,*,*,,,*
**,,,***
*,*,*,*,,,*,****,,**
*,*,*,*****,**,,,**
*,,,*,,,,,,,,,,***
****************


You could see a red ugly thing.

Vanquished Creatures
  2 vault guards (Bailey)
  A boulder beetle (D:7)
  A hornet (D:5)
  Prince Ribbit (D:5)
  A blink frog (Bailey)
  5 humans (Bailey)
  A vampire mosquito (D:7)
  2 ogres
  A boggart (D:2)
  A phantom (D:4)
  2 kobold brigands
  12 bullfrogs
  2 scorpions
  A jelly (D:5)
  2 sleepcaps (D:6)
  2 bombardier beetles
  2 hounds
  A gnoll bouda (D:7)
  An iron imp (D:4)
  3 iguanas (D:7)
  An orc wizard (D:6)
  25 gnolls
  10 adders
  2 ufetubi (D:6)
  4 dart slugs
  A ribbon worm (D:2)
  13 orcs
  7 ball pythons
  5 bats
  7 endoplasms
  A giant cockroach (D:4)
  8 goblins
  12 hobgoblins
  A jackal (D:1)
  3 quokkas
  6 frilled lizards
  14 kobolds
  6 rats
170 creatures vanquished.

Vanquished Creatures (collateral kills)
  An ice beast (D:5)
  An orc priest (D:5)
  An orc (D:5)
  A kobold (D:7)
4 creatures vanquished.

Grand Total: 174 creatures vanquished

Notes
Turn   | Place    | Note
-------+----------+-------------------------------------------
     0 | D:1      | ezpacito the Coglin Chaos Knight began the quest for the
                  | Orb.
     0 | D:1      | Reached XP level 1. HP: 18/18 MP: 1/1
   116 | D:1      | Reached skill level 1 in Dodging
   147 | D:1      | Reached XP level 2. HP: 17/24 MP: 2/2
   727 | D:1      | a jackal changed into a scorpion
   727 | D:1      | Noticed a scorpion
   730 | D:1      | Killed a scorpion
   731 | D:1      | Reached XP level 3. HP: 24/29 MP: 2/4
   731 | D:1      | Reached XP level 4. HP: 29/35 MP: 2/5
   905 | D:2      | Found a faded altar of an unknown god.
   992 | D:2      | Identified the +4 spear "Bangiex" {speed, Str-3 SInv
                  | Stlth+}
  1240 | D:2      | an adder changed into a boggart
  1240 | D:2      | Noticed a boggart
  1240 | D:2      | XOM: polymorph adder -> boggart
  1244 | D:2      | Killed a boggart
  1245 | D:2      | Reached skill level 1 in Polearms
  1245 | D:2      | Reached skill level 1 in Stealth
  1245 | D:2      | Reached skill level 1 in Spellcasting
  1245 | D:2      | Reached XP level 5. HP: 40/41 MP: 6/6
  1270 | D:2      | XOM: give mutation
  1270 | D:2      | Gained mutation: You are vulnerable to heat. (rF-) [Xom's
                  | mischief]
  1846 | D:2      | XOM: summons 1 hostile demon
  1942 | D:3      | XOM: silly message
  2095 | D:3      | Reached XP level 6. HP: 47/48 MP: 7/7
  2166 | D:3      | XOM: give mutation
  2166 | D:3      | Gained mutation: You are frail. (-10% HP) [Xom's mischief]
  2328 | D:3      | Found an ornate altar of the Wu Jian Council.
  2345 | D:3      | XOM: summons 2 hostile demons
  2350 | D:3      | XOM: polymorph ufetubus -> iron imp
  2759 | D:4      | XOM: 1-stop teleportation journey
  2760 | D:4      | Found a sparkling altar of Nemelex Xobeh.
  3056 | D:4      | Found a white marble altar of Elyvilon.
  3056 | D:4      | Found a shimmering blue altar of Sif Muna.
  3057 | D:4      | XOM: draining
  3059 | D:4      | Reached XP level 7. HP: 40/46 MP: 7/9
  3167 | D:4      | Found a burning altar of Makhleb.
  3168 | D:4      | XOM: give mutation
  3168 | D:4      | Gained mutation: You are partially covered in iridescent
                  | scales. (AC +2) [Xom's mischief]
  3283 | D:4      | XOM is BORED!
  3283 | D:4      | XOM: give mutations
  3283 | D:4      | Gained mutation: You are weak. (Str -2) [Xom's mischief]
  3283 | D:4      | Gained mutation: You sometimes lose your temper in combat.
                  | [Xom's mischief]
  3464 | D:4      | XOM: give mutations
  3464 | D:4      | Lost mutation: You are partially covered in iridescent
                  | scales. (AC +2) [Xom's mischief]
  3464 | D:4      | Gained mutation: You have supernaturally acute eyesight.
                  | (SInv) [Xom's mischief]
  3464 | D:4      | Lost mutation: You are weak. (Str -2) [Xom's mischief]
  3464 | D:4      | Gained mutation: You are weak. (Str -2) [Xom's mischief]
  3524 | D:5      | Entered Level 5 of the Dungeon
  3575 | D:5      | XOM: smoke on damage
  3824 | D:5      | Noticed Prince Ribbit
  3834 | D:5      | Killed Prince Ribbit
  3859 | D:5      | XOM: god gift: scroll labelled GONAOB GOPTECK {god gift}
  3915 | D:5      | Reached XP level 8. HP: 45/54 MP: 10/10
  4103 | D:5      | XOM: fog
  4118 | D:5      | Reached skill level 5 in Axes
  4402 | D:5      | Noticed a hornet
  4406 | D:5      | XOM: scenery: create altars
  4415 | D:5      | Killed a hornet
  4416 | D:5      | Reached skill level 5 in Fighting
  4472 | D:5      | XOM: give mutations
  4472 | D:5      | Lost mutation: You are vulnerable to heat. (rF-) [Xom's
                  | mischief]
  4472 | D:5      | Lost mutation: You have supernaturally acute eyesight.
                  | (SInv) [Xom's mischief]
  4472 | D:5      | Gained mutation: You are occasionally teleported next to
                  | monsters. [Xom's mischief]
  4472 | D:5      | Lost mutation: You are weak. (Str -2) [Xom's mischief]
  4849 | D:6      | Reached XP level 9. HP: 61/61 MP: 12/12
  4851 | D:6      | Found a bloodstained altar of Trog.
  4940 | D:6      | Found a shadowy altar of Dithmenos.
  4974 | D:6      | XOM: silly message
  5050 | D:6      | Found a radiant altar of Vehumet.
  5062 | D:6      | Found a glowing golden altar of the Shining One.
  5123 | D:7      | Identified a scroll of acquirement
  5123 | D:7      | Acquired 992 gold pieces
  5142 | D:7      | XOM: divination: detect items
  5161 | D:7      | XOM: potion effect (berserk rage)
  5257 | D:7      | Found an opulent altar of Gozag.
  5271 | D:7      | Found a flagged portal.
  5326 | Bailey   | Entered a bailey
  5343 | Bailey   | Reached skill level 5 in Armour
  5349 | Bailey   | XOM: silly message
  5363 | Bailey   | XOM: enchant monster (bad)
  5470 | Bailey   | Reached skill level 5 in Dodging
  5498 | Bailey   | Noticed a vault guard
  5510 | Bailey   | XOM: confuse monster(s)
  5524 | Bailey   | XOM: enchant monster (bad)
  5527 | Bailey   | XOM: enchant monster (good)
  5537 | Bailey   | Killed a vault guard
  5538 | Bailey   | Reached XP level 10. HP: 60/69 MP: 14/14
  5640 | Bailey   | Noticed a vault guard
  5657 | Bailey   | Killed a vault guard
  5841 | Bailey   | XOM: summons 6 hostile demons
  5996 | D:7      | Noticed a boulder beetle
  5998 | D:7      | XOM: give mutations
  5998 | D:7      | Lost mutation: You sometimes lose your temper in combat.
                  | [Xom's mischief]
  5998 | D:7      | Gained mutation: Your body sometimes deteriorates upon
                  | taking damage. [Xom's mischief]
  5998 | D:7      | Gained mutation: Your spells are a little harder to cast,
                  | but a little more powerful. [Xom's mischief]
  5998 | D:7      | Lost mutation: You are frail. (-10% HP) [Xom's mischief]
  6000 | D:7      | XOM: give mutations
  6000 | D:7      | Gained mutation: Armour fits poorly on your strangely
                  | shaped body. [Xom's mischief]
  6000 | D:7      | Gained mutation: You are vulnerable to heat. (rF-) [Xom's
                  | mischief]
  6009 | D:7      | XOM: potion effect (heal wounds)
  6038 | D:7      | Killed a boulder beetle
  6335 | D:7      | XOM: draining
  6372 | D:7      | Noticed a red ugly thing
  6373 | D:7      | XOM: scenery: create altars
  6382 | D:7      | HP: 3/67 [red ugly thing (7)]
  6382 | D:7      | Demolished by a red ugly thing

Illustrated notes

Levels and vault maps discovered:
D:1:      shiori_shiawase, layout_basic
D:2:      minmay_diamond_boxcup, layout_loops_ring,
          nicolae_ecumenical_lake_church, minmay_misc_feat_doors,
          chequers_serial_rivers_small_a
D:3:      layout_rooms, mainiacjoe_overflow_surrounded_room
D:4:      layout_basic, jmf_multi_god_temple, demons_altar,
          serial_co_window_serial, co_window_corner_a, co_window_corner_a,
          co_window_paths_a, co_window_paths_a, co_window_paths_b,
          co_window_paths_b, co_window_of_opportunity_a, co_window_cross_2,
          co_window_broadway_a, co_window_2corner, glass_columns_c,
          glass_columns_a, glass_columns_a, glass_columns_a, glass_columns_b,
          minmay_ruined_shrine
D:5:      layout_rooms, kennysheep_doodads, chequers_serial_rivers_micro_c,
          uniq_prince_ribbit1
D:6:      layout_gridville, marbit_many_paths, nicolae_overflow_crystal_walls,
          mainiacjoe_overflow_big_doors, nicolae_titane
D:7:      layout_loops_ring, kennysheep_little_box, temple_green,
          enter_bailey_3, chequers_garden, wad_mini_maze

Skill      XL: |  1  2  3  4  5  6  7  8  9 10 |
---------------+-------------------------------+-----
Dodging        | 1 2 3 4 5 6 |  6.0
Armour         | 2 3 4 5 6 |  6.3
Polearms       | 1 2 3 4 |  4.3
Stealth        | 1 2 3 4 |  4.0
Spellcasting   | 1 2 3 |  3.6
Axes           | 4 5 6 7 |  7.2
Fighting       | 4 5 6 7 |  7.2

Action                     |  1- 3 |  4- 6 |  7- 9 | 10-12 || total
---------------------------+-------+-------+-------+-------++-------
  Melee: Hand axe          |    38 |    88 |   202 |   107 ||   435
         Dagger            |    31 |     5 |       |       ||    36
         Spear             |       |   115 |   238 |   122 ||   475
    Use: Scroll            |       |       |    23 |     3 ||    26
         Potion            |       |       |    12 |     5 ||    17
   Stab: Sleeping          |     2 |       |       |       ||     2
         Petrifying        |       |       |     4 |       ||     4
         Invisible         |       |       |     1 |       ||     1
         Petrified         |       |       |     4 |       ||     4
         Confused          |       |       |     3 |     2 ||     5
         Distracted        |       |       |       |     1 ||     1
 Armour: Leather armour    |    19 |     9 |       |       ||    28
         Chain mail        |       |    62 |   167 |    51 ||   280
         Skin              |       |       |       |     2 ||     2
  Dodge: Dodged            |    16 |    24 |    81 |    32 ||   153

Table legend: (Time is in decaauts)
 A = Elapsed time spent in this place.
 B = Non-inter-level travel time spent in this place.
 C = Inter-level travel time spent in this place.
 D = Time resting spent in this place.
 E = Time spent auto-exploring this place.
 F = Levels seen in this place.
 G = Mean time per level.
                   A        B        C        D        E       F      G
               +--------+--------+--------+--------+--------+-----+--------+
         Total |   6388 |   6170 |    218 |    543 |   4435 |   8 |  798.5 |
       Dungeon |   5838 |   5620 |    218 |    394 |   4208 |   7 |  834.0 |
        Bailey |    550 |    550 |      0 |    149 |    227 |   1 |  550.0 |
               +--------+--------+--------+--------+--------+-----+--------+

Top non-repeatable levels by time:
     D:2: 1043 daAuts
     D:5: 1024 daAuts
     D:4: 982 daAuts
     D:1: 897 daAuts
     D:7: 722 daAuts
     D:3: 592 daAuts
     D:6: 576 daAuts
  Bailey: 550 daAuts
